[Event "FIDE WCCC U10 2018"]
[Site "Santiago de Compostela"]
[Date "2018.11.09"]
[Round "5"]
[White "Habans Aguerrea, Javier"]
[Black "von Mettenheim, Johannes"]
[Result "1-0"]
[ECO "A45"]
[WhiteElo "1892"]
[BlackElo "1718"]
[Annotator "NA RC"]
[PlyCount "101"]
[EventDate "2018.11.04"]
[EventType "swiss"]
[EventCountry "ESP"]
[SourceTitle "playchess.com"]
[Source "ChessBase"]
[SourceQuality "1"]
[TimeControl "40/5400+30:1800+30"]

1. d4 Nf6 2. Bg5 d5 3. e3 c5 4. Nd2 {[%emt 0:00:13] D00: 1 d4 d5: Unusual lines} (4. Bxf6 gxf6 5. dxc5 e6 6. Nf3 Bxc5 7. Be2 Nc6 8. O-O O-O 9. c4 dxc4 10. Qa4 Qe7 11. Qxc4 b6 12. Nc3 Bb7 13. Qh4 Nb4 14. Rfd1 Rfd8 15. a3 Nd5 16. Nxd5 Rxd5 17. b4 Bd6 18. e4 Rxd1+ 19. Rxd1 Kg7 20. e5 {½-½ (20) Shimanov,A (2626)-Lenderman,A (2626) Saint Louis 2018}) 4... Nc6 5. c3 Qb6 6. Qb3 c4 7. Qc2 $146 ({Predecessor:} 7. Qxb6 axb6 8. a3 b5 9. Rd1 Nd7 10. e4 e6 11. g3 Nb6 {0-1 (58) Cech,P (2355)-Pacher,M (2493) Slovakia 2017}) 7... Nd7 8. e4 e6 9. g3 h6 10. Be3 Qd8 11. Bg2 Nf6 12. e5 Nd7 13. f4 g6 14. Ne2 Ne7 15. Rf1 (15. b3 $16) 15... Nf5 16. Bf2 h5 17. h3 Rb8 18. Nf3 Be7 19. Kd2 Nh6 20. Rh1 Rg8 21. Rag1 b5 22. Bf1 b4 23. g4 bxc3+ $2 (23... Qa5 $17 24. gxh5 Qxa2 25. hxg6 Rxg6 26. Rxg6 fxg6) 24. Nxc3 Qb6 25. Kc1 Nf8 26. Be3 Rh8 $1 27. Bd2 Ng8 28. f5 $1 gxf5 29. gxf5 exf5 $2 (29... Nh6 {was called for.}) 30. Nxd5 Qb7 31. Nxe7 Nxe7 32. Ng5 Be6 33. Bg2 Qa6 34. a3 Qb6 35. Bc3 Nh7 36. Nxe6 fxe6 37. Bf3 Nf8 38. Qa4+ Kf7 39. Rg5 Rg8 40. Bxh5+ Nfg6 41. Rhg1 Qc7 42. d5 exd5 43. e6+ (43. Bxg6+ $142 Nxg6 {[#]} 44. e6+ $1 Ke7 45. Rxg6 Rxg6 46. Rxg6) 43... Kxe6 44. Bxg6 d4 45. Ba5 Qf4+ 46. Bd2 Qc7 47. Bxf5+ Nxf5 48. Rxg8 c3 49. bxc3 Ne3 50. R8g6+ Kf5 51. R1g5+ 1-0

[Event "FIDE WCCC U10 2018"]
[Site "Santiago de Compostela"]
[Date "2018.11.09"]
[Round "5"]
[White "Poschadel, Andreas Gregor"]
[Black "Orujov, Farid"]
[Result "0-1"]
[ECO "A48"]
[WhiteElo "1854"]
[BlackElo "1643"]
[Annotator "NA RC"]
[PlyCount "124"]
[EventDate "2018.11.04"]
[EventType "swiss"]
[EventCountry "ESP"]
[SourceTitle "playchess.com"]
[Source "ChessBase"]
[SourceQuality "1"]
[TimeControl "40/5400+30:1800+30"]

1. d4 Nf6 2. Nf3 g6 3. Bf4 Bg7 4. e3 d5 5. h3 O-O 6. Bd3 c5 7. c3 Qb6 {[%emt 0:12:49] D02: 1 d4 d5 2 Nf3 sidelines, including 2...Nf6 3 g3 and 2...Nf6 3 Bf4} (7... b6 8. O-O Ba6 9. Bxa6 Nxa6 10. Nbd2 Nc7 11. Rc1 Ne6 12. Be5 Qd7 13. Qe2 Qb7 14. Rfd1 Rac8 15. Nh2 Rfd8 {0-1 (55) Anikonov,D (2400)-Dreev,A (2652) Khanty-Mansiysk 2016}) 8. Qc1 {[%emt 0:01:30] LiveBook: 4 Games} Nc6 9. Nbd2 cxd4 10. exd4 Nd7 (10... Nh5 $5 11. Bh2 Bh6 $11) 11. Be3 $146 ({Predecessor:} 11. O-O e5 12. dxe5 Ndxe5 13. Bc2 Bd7 14. Re1 Rfe8 15. Be3 Nxf3+ 16. Nxf3 d4 17. cxd4 Nxd4 18. Nxd4 Bxd4 19. Bxd4 Rxe1+ 20. Qxe1 Qxd4 21. Rd1 {½-½ (21) Josting,F-Papenkordt,K Dresden 2001}) 11... Qc7 12. Nb3 e5 13. dxe5 Ndxe5 14. Be2 Bf5 15. O-O Be4 16. Nfd4 Nxd4 17. Nxd4 Bd3 18. Bxd3 Nxd3 19. Qd2 Ne5 20. b3 a6 21. Rac1 Rac8 22. f4 (22. Ne2 $14) 22... Nc6 23. c4 Nxd4 24. Bxd4 Bxd4+ 25. Qxd4 dxc4 26. Rxc4 Qe7 27. Rfc1 Rxc4 28. Qxc4 Qe3+ 29. Kh1 b5 30. Qc7 Qf2 31. Rc2 Qf1+ 32. Kh2 Re8 33. Rc1 Qf2 34. Rc2 Qf1 35. Rc1 Qf2 36. Rc2 Qd4 37. f5 Re5 38. Qb8+ Kg7 39. f6+ Kxf6 40. Qh8+ (40. Qf8 $11) 40... Kg5 41. Qg7 f6 ({Better is} 41... f5 $17 42. Qxh7 Re1 43. h4+ Qxh4+ 44. Qxh4+ Kxh4) 42. Qxh7 Re1 {[%emt 0:18:46] [#]} 43. h4+ $1 Kf5 44. g4+ Kf4 $1 45. Qc7+ $1 Qe5 46. Qxe5+ Rxe5 47. Rc6 Kxg4 48. Rxa6 (48. Rxf6 $11 Re2+ 49. Kg1) 48... Rf5 49. a4 Kxh4 50. a5 $2 {[%emt 0:00:11] [#]} (50. axb5 $1 $11 g5 51. b4) 50... b4 $1 51. Ra8 Rf2+ 52. Kg1 Ra2 53. a6 Kg5 (53... Kg3 $142 54. Kf1 g5) 54. a7 f5 55. Kf1 Kf4 56. Rb8 Rxa7 57. Rxb4+ Kf3 58. Kg1 f4 59. Rc4 Kg3 60. Kf1 f3 61. Ke1 Ra1+ 62. Kd2 f2 0-1

[Event "FIDE WCCC U10 2018"]
[Site "Santiago de Compostela"]
[Date "2018.11.09"]
[Round "5"]
[White "Tsirilman, Guy"]
[Black "Ivanov, Svetlen"]
[Result "1/2-1/2"]
[ECO "A04"]
[WhiteElo "1813"]
[BlackElo "1597"]
[Annotator "NA RC"]
[PlyCount "92"]
[EventDate "2018.11.04"]
[EventType "swiss"]
[EventCountry "ESP"]
[SourceTitle "playchess.com"]
[Source "ChessBase"]
[SourceQuality "1"]
[TimeControl "40/5400+30:1800+30"]

1. Nf3 c5 2. g3 Nf6 3. Bg2 g6 4. O-O Bg7 5. d3 O-O 6. e4 Nc6 7. Nc3 d5 8. h3 {[%emt 0:07:21] A05: Réti Opening: 1 Nf3 Nf6} (8. Nxd5 Nxd5 9. exd5 Qxd5 10. Nd2 Qd7 11. a4 Qc7 12. Ne4 b6 13. a5 Bb7 14. a6 Bc8 15. Re1 Bf5 16. Nc3 Rad8 17. Nd5 Qd7 {1-0 (72) Movsesian,S (2642)-Laznicka,V (2608) Ostrava 2007}) 8... dxe4 9. dxe4 {[%emt 0:01:40] LiveBook: 4 Games} Qxd1 $146 ({Predecessor:} 9... Be6 10. Be3 Qa5 11. Qc1 Rfd8 12. Re1 Rac8 13. Nd2 c4 14. Nf3 Ne8 15. Bd2 Qa6 {½-½ (92) Khoroshev,N (2286)-Idani,P (2462) Hamedan 2018}) 10. Rxd1 Nb4 11. Ne1 Be6 12. a3 Nc6 13. Be3 Nd7 14. Nd3 Nd4 15. Bxd4 cxd4 16. Nd5 Bxd5 17. exd5 Rac8 18. Rd2 Nb6 19. b3 Rfd8 20. Re1 Bf6 21. d6 Rxd6 22. Bxb7 Rc7 23. Bg2 Nd7 24. f4 Nc5 25. Nxc5 Rxc5 26. Red1 (26. Be4 $11) 26... Rc3 27. Kf2 g5 28. Bf1 gxf4 29. gxf4 e5 30. Bd3 Bh4+ 31. Kf3 Re6 32. Re2 exf4 33. Rxe6 fxe6 34. Kxf4 Rc5 35. Rg1+ Kf7 36. b4 (36. Bxh7 $16 Rc8 37. Bg6+ Ke7 38. Rg4) 36... Rd5 37. a4 Bf2 38. Rf1 Be3+ 39. Ke4+ Ke7 40. Bc4 Rh5 41. Rf3 Rf5 (41... Bd2 $11) 42. Rxf5 exf5+ 43. Kxf5 Kd6 44. Ke4 Bd2 45. b5 Kc5 46. Bd3 h6 $14 1/2-1/2

[Event "FIDE WCCC U10 2018"]
[Site "Santiago de Compostela"]
[Date "2018.11.09"]
[Round "5"]
[White "Kandil, Ahmed Abdel Khalek"]
[Black "Hagner, Bennet"]
[Result "1/2-1/2"]
[ECO "B17"]
[WhiteElo "1812"]
[BlackElo "1912"]
[Annotator "NA RC"]
[PlyCount "92"]
[EventDate "2018.11.04"]
[EventType "swiss"]
[EventCountry "ESP"]
[SourceTitle "playchess.com"]
[Source "ChessBase"]
[SourceQuality "1"]
[TimeControl "40/5400+30:1800+30"]

1. e4 c6 2. d4 d5 3. Nd2 dxe4 4. Nxe4 Nd7 5. Nf3 Ngf6 6. Ng3 e6 7. Bd3 Be7 8. O-O O-O 9. Re1 {[%emt 0:00:15] B17: Caro-Kann: Modern Line (4...Nd7)} (9. b3 b6 10. Bb2 Bb7 11. Qe2 c5 12. Rad1 Qc7 13. c4 Rfe8 14. Rfe1 a6 15. Bb1 cxd4 16. Nxd4 Bb4 17. Rf1 {½-½ (55) Ponomariov,R (2709)-Wojtaszek,R (2749) Tallinn 2016}) 9... b6 10. Bf4 Bb7 11. c4 c5 12. dxc5 Nxc5 13. Bc2 Qxd1 14. Raxd1 Rfd8 $146 ({Predecessor:} 14... Bxf3 15. gxf3 {½-½ (80) Leshchenko,V (2145)-Ignatenko,V Kiev 2005}) 15. Ne5 Rxd1 16. Rxd1 Rd8 17. Rxd8+ Bxd8 18. b4 Ncd7 19. Nxd7 Nxd7 20. Ne4 e5 21. Nd6 Bxg2 22. Bxe5 Nxe5 23. Kxg2 Be7 24. c5 Bxd6 25. cxd6 Kf8 26. f4 Nc4 27. d7 Ke7 28. Bxh7 g6 29. Kf3 Nd2+ (29... Nd6 $17 30. h4 Kxd7) 30. Ke2 (30. Ke3 $1 $11 Nc4+ 31. Kd4) 30... Ne4 31. f5 Nc3+ 32. Kd2 Nxa2 33. Bxg6 Kxd7 34. Bxf7 Nxb4 35. h4 Ke7 36. Bg6 Kf6 37. h5 Kg5 38. Kc3 Nd5+ 39. Kc4 Nf6 40. Kb5 Nxh5 41. Ka6 Nf4 42. Kxa7 b5 43. Bf7 b4 44. Kb6 Kxf5 45. Kb5 Nd3 $11 46. Bc4 Ke4 1/2-1/2

[Event "FIDE WCCC U10 2018"]
[Site "Santiago de Compostela"]
[Date "2018.11.09"]
[Round "5"]
[White "Nemsadze, Daviti"]
[Black "Royal, Shreyas"]
[Result "1-0"]
[ECO "A13"]
[WhiteElo "1762"]
[BlackElo "2048"]
[Annotator "NA RC"]
[PlyCount "97"]
[EventDate "2018.11.04"]
[EventType "swiss"]
[EventCountry "ESP"]
[SourceTitle "playchess.com"]
[Source "ChessBase"]
[SourceQuality "1"]
[TimeControl "40/5400+30:1800+30"]

1. c4 e6 2. Nf3 d5 3. e3 Nf6 4. b3 c6 5. Bb2 Nbd7 6. Qc2 {[%emt 0:02:15] A06: Zukertort-Eröffnung} Be7 7. Nc3 O-O 8. Be2 (8. Rg1 Nc5 9. g4 Nfe4 10. g5 f5 11. d3 Nxg5 12. Nxg5 Bxg5 13. cxd5 cxd5 14. Nxd5 exd5 15. Qxc5 {½-½ (45) Artemiev,V (2706)-Grachev,B (2626) Sochi 2018}) 8... b6 9. Rg1 dxc4 $146 ({Vorgänger:} 9... c5 10. g4 Bb7 11. g5 Ne4 12. cxd5 exd5 13. Nxe4 dxe4 {½-½ (21) Zude,E (2394)-Keymer,V (2342) Saarbruecken 2015}) 10. bxc4 h6 {[%emt 0:04:49] [#]} ({Better is} 10... b5 $14) 11. g4 $1 Nh7 12. Bd3 Ng5 13. Nxg5 Bxg5 14. O-O-O Bf6 15. f4 Nc5 (15... b5 $16) 16. Be2 g6 (16... e5 {was worth a try.}) 17. d4 Na6 18. Ne4 Bg7 19. g5 hxg5 20. fxg5 ({Schwächer ist} 20. Rxg5 Qe7 $16) 20... b5 21. d5 ({Weniger gut wäre} 21. cxb5 cxb5 22. Nf6+ (22. Bxb5 Nb4 $14) 22... Bxf6 $16) 21... e5 22. dxc6 Qa5 $2 (22... Qb6) 23. cxb5 $2 (23. Nf6+ Bxf6 24. gxf6) 23... Nb4 24. Qd2 Bf5 25. a3 Na2+ 26. Kb1 Bxe4+ 27. Kxa2 Qb6 28. Qb4 Bc2 29. Rd2 Bf5 30. Rg3 Rfb8 $2 (30... a6 31. e4 Be6+ 32. Bc4 Bxc4+ 33. Qxc4 axb5) 31. e4 Be6+ 32. Bc4 a5 33. Qb3 a4 34. Qb4 Bf8 35. Qc3 Qxb5 36. Bxe6 fxe6 37. Qxe5 Qc4+ 38. Kb1 Qf1+ 39. Kc2 Qc4+ 40. Rc3 Qa2 41. Rcd3 Qc4+ 42. Kd1 Rxb2 43. Qxb2 Qxe4 44. Qc3 $2 ({White must play} 44. c7 $18) 44... Rc8 45. c7 Qh1+ 46. Kc2 Qb7 47. Rd7 Qe4+ 48. Kb2 e5 49. Qh3 1-0

[Event "FIDE WCCC U10 2018"]
[Site "Santiago de Compostela"]
[Date "2018.11.09"]
[Round "5"]
[White "Giang, Tran Nam"]
[Black "Kadam Om Manish"]
[Result "0-1"]
[ECO "B92"]
[WhiteElo "1747"]
[BlackElo "2025"]
[Annotator "NA RC"]
[PlyCount "70"]
[EventDate "2018.11.04"]
[EventType "swiss"]
[EventCountry "ESP"]
[SourceTitle "playchess.com"]
[Source "ChessBase"]
[SourceQuality "1"]
[TimeControl "40/5400+30:1800+30"]

1. e4 c5 2. Nf3 d6 3. d4 cxd4 4. Nxd4 Nf6 5. Nc3 a6 6. Be2 e5 7. Nb3 Be7 8. Bg5 Nbd7 9. a4 b6 10. Bc4 Bb7 11. Qe2 O-O 12. O-O Qc8 {[%emt 0:08:41] B92: Sicilian Najdorf: 6 Be2} (12... Ne8 13. Be3 Nc7 14. Rfd1 Kh8 15. Nd2 Bc6 16. Nf1 f5 17. exf5 Qc8 18. Qd3 Nf6 19. Bxb6 Bxg2 20. Bxc7 Bxf1 21. Rxf1 Qxc7 {½-½ (45) Buksa,N (2337)-Tomczak,J (2600) Warsaw 2018}) 13. Rad1 $146 ({Predecessor:} 13. Rfd1 Bc6 14. Bxf6 Nxf6 15. Nd5 Bxd5 16. Bxd5 Ra7 17. c3 g6 18. Rd3 Kg7 19. Nd2 Rc7 20. Nf1 {1-0 (40) Xu,Y (2487)-Dworakowska,J (2393) Mallorca 2004}) 13... Bc6 14. Bxf6 Nxf6 15. Bd5 Nxd5 16. Nxd5 Bd8 17. Nc3 Bc7 18. Nd2 Qb7 19. Nc4 Rad8 20. f3 (20. Nd5 $14) 20... f5 21. Ne3 fxe4 22. fxe4 b5 23. axb5 axb5 24. Rxf8+ Rxf8 25. Nf5 Kh8 26. Nxd6 $2 (26. b4 $11) 26... Bxd6 27. Rxd6 b4 28. Nd1 {[%emt 0:03:24] [#]} Bb5 $1 ({Inferior is} 28... Bxe4 29. c4 $11) 29. Qe1 $2 {[%emt 0:08:53] [#]} ({Falsch wäre} 29. Qf2 $2 Kg8 $19) (29. Rd3 Bxd3 30. cxd3) 29... Qa7+ (29... Qxe4 $142 $1 30. Qf2 (30. Qxe4 Rf1#) 30... Kg8) 30. Nf2 Rxf2 31. Kh1 h6 32. Rd8+ Kh7 33. Rd1 $19 Rf1+ 34. Qxf1 Bxf1 35. Rxf1 Qd4 0-1

[Event "FIDE WCCC U10 2018"]
[Site "Santiago de Compostela"]
[Date "2018.11.09"]
[Round "5"]
[White "Anand, Batsukh"]
[Black "Xue, Haowen"]
[Result "1/2-1/2"]
[ECO "B30"]
[WhiteElo "1746"]
[BlackElo "2025"]
[Annotator "NA RC"]
[PlyCount "107"]
[EventDate "2018.11.04"]
[EventType "swiss"]
[EventCountry "ESP"]
[SourceTitle "playchess.com"]
[Source "ChessBase"]
[SourceQuality "1"]
[TimeControl "40/5400+30:1800+30"]

1. e4 c5 2. Nf3 Nc6 3. Bb5 e6 4. Bxc6 bxc6 5. d3 Ne7 6. h4 f6 {[%emt 0:12:08] LiveBook: 7 Partien B30: Sicilian: 2...Nc6 3 Bb5, lines without ...g6} 7. O-O $146 ({Predecessor:} 7. Be3 d6 8. c3 Rb8 9. Qc2 e5 10. d4 Ba6 11. dxe5 fxe5 12. Na3 Nc8 13. Qa4 Bb5 14. Nxb5 cxb5 {1-0 (61) Grib,R (2427)-Bartel,M (2608) Suwalki 2017}) 7... e5 8. c3 d6 9. d4 cxd4 10. cxd4 Bg4 11. Be3 Ng6 12. Qc2 Qd7 13. Nh2 Be6 14. Nf3 h5 15. Nc3 Be7 16. d5 cxd5 17. Nxd5 Bxd5 18. exd5 Kf7 19. g3 Rhc8 20. Qd2 Bd8 21. Rfc1 Qb7 22. b3 Ne7 23. Rxc8 Rxc8 24. Rd1 Bb6 (24... Qb5 $17 25. Ne1 Ba5) 25. Bxb6 axb6 26. Qd3 (26. Qe2 $1 $11) 26... Qd7 27. b4 Qa4 28. Rd2 (28. Nh2 {was necessary.}) 28... Qxb4 29. Qh7 $2 (29. Ne1) 29... Qg4 (29... Rc1+ $142 30. Kg2 e4 31. Qxh5+ g6 32. Qh7+ Ke8) 30. Nh2 Qg6 31. Qxg6+ Kxg6 32. Nf1 Rc5 33. Ne3 Kf7 34. Kg2 (34. a4 $17) 34... f5 35. f4 e4 36. Kf2 Ke8 37. a4 Kd7 38. Rd4 g6 39. Ke2 b5 40. axb5 Rxb5 41. Kd2 Rb3 42. Ke2 Ng8 43. Ra4 Rb7 44. Ra6 {[%emt 0:00:18] [#]} Ne7 $1 45. Nc4 Nc8 46. Ne3 Rb2+ 47. Ke1 Rb5 48. Ke2 Kc7 49. Rc6+ Kb8 50. Nc4 {[%emt 0:00:21] [#]} Rb3 $11 ({And not} 50... Rxd5 {[#]} 51. Rxc8+ $1 Kxc8 52. Nb6+ Kc7 53. Nxd5+ Kc6 54. Nf6 $16) (50... Rc5 $1 $17 51. Rxc5 dxc5) 51. Nxd6 Nxd6 52. Rxd6 Rxg3 53. Rc6 Kb7 54. Rc1 $2 (54. Kd2 $11 {and White stays safe.}) 1/2-1/2

[Event "FIDE WCCC U10 2018"]
[Site "Santiago de Compostela"]
[Date "2018.11.09"]
[Round "5"]
[White "Deuer, Marius"]
[Black "Zhong, Kevin"]
[Result "1-0"]
[ECO "D34"]
[WhiteElo "1695"]
[BlackElo "2038"]
[Annotator "NA RC"]
[PlyCount "120"]
[EventDate "2018.11.04"]
[EventType "swiss"]
[EventCountry "ESP"]
[SourceTitle "playchess.com"]
[Source "ChessBase"]
[SourceQuality "1"]
[TimeControl "40/5400+30:1800+30"]

1. d4 d5 2. c4 e6 3. Nf3 c5 4. cxd5 exd5 5. Nc3 Nc6 6. g3 Nf6 7. Bg2 Be7 8. O-O O-O 9. Bg5 c4 10. e3 {[%emt 0:00:50] D34: Tarrasch Defence: 6 g3 Nf6 7 Bg2 Be7} Be6 11. b3 Qa5 (11... cxb3 12. Qxb3 Na5 13. Qb2 Ne4 14. Nxe4 dxe4 15. Bxe7 Qxe7 16. Nd2 Nc4 17. Nxc4 Bxc4 {1-0 (42) Ding,L (2778)-Mamedov,R (2704) Shamkir 2018}) 12. Ne2 h6 $146 ({Predecessor:} 12... Rac8 13. bxc4 dxc4 14. Qb1 Bf5 15. Qxb7 Bd3 16. Bxf6 Bxf6 17. Rfe1 Nb4 18. Nc3 Nc2 19. Nd5 Nxa1 20. Nxf6+ gxf6 21. Rxa1 c3 22. Qb3 Bg6 23. Rc1 c2 {0-1 (23) Bucher,H-Heppekausen,J GER corr 1997}) 13. Bxf6 $1 Bxf6 14. bxc4 dxc4 15. Nf4 Bf5 {[%emt 0:07:09] [#]} 16. Nd2 $1 Qa6 17. Nd5 Bd8 18. Ne4 Bxe4 19. Bxe4 Rc8 20. a4 Ne7 21. Qg4 Kh8 22. Nxe7 Bxe7 23. Qd7 Qe6 24. Qxe6 fxe6 25. Bxb7 Rc7 26. Be4 c3 27. Bc2 Rb8 28. Rfb1 Rb2 29. Be4 g5 30. Kg2 Rd2 31. Rc1 g4 32. Rc2 Kg7 33. Rac1 Rxc2 34. Bxc2 Rb7 35. Bd1 Rc7 36. Rc2 ({Not} 36. Bxg4 c2 $15) 36... h5 37. h3 gxh3+ 38. Kxh3 Kg6 39. Be2 Kg5 40. Kg2 Ba3 41. Bd3 Bb2 42. Kf3 Rb7 43. Ke4 Kf6 44. Re2 h4 45. f4 hxg3 46. Kf3 Rg7 47. Rg2 Bc1 48. e4 Rd7 {[%emt 0:01:37] [#]} (48... Ke7 $11 {remains equal.}) 49. e5+ $1 Ke7 50. Ke4 Bb2 {[%emt 0:04:02] [#]} ({Better is} 50... Rd8 $14) 51. Bc2 $1 ({Und nicht} 51. Rxg3 Rxd4+ 52. Ke3 Rxa4 $11) 51... Rd8 52. Rxg3 Rh8 53. Rg7+ Kf8 {[%emt 0:00:13] [#]} 54. Rg2 $1 ({Minderwertig wäre} 54. Rxa7 Rh2 $11) 54... Rh1 55. Bb3 Re1+ 56. Kd3 Rf1 57. Bxe6 Rxf4 58. d5 c2 $2 (58... Rd4+ 59. Ke3 (59. Kc2 Rd2+ 60. Rxd2 cxd2 $16) 59... Rd2 60. Rg8+ (60. Rxd2 cxd2 61. Kxd2 Bxe5 $14) 60... Ke7 61. Rg7+ Kf8 62. Rf7+ Ke8) 59. d6 Rf7 $18 60. Kxc2 Ke8 1-0

[Event "FIDE WCCC U10 2018"]
[Site "Santiago de Compostela"]
[Date "2018.11.09"]
[Round "5"]
[White "Suleymanov, Ali"]
[Black "Vagman, Roy"]
[Result "0-1"]
[ECO "A48"]
[WhiteElo "1667"]
[BlackElo "1970"]
[Annotator "NA RC"]
[PlyCount "120"]
[EventDate "2018.11.04"]
[EventType "swiss"]
[EventCountry "ESP"]
[SourceTitle "playchess.com"]
[Source "ChessBase"]
[SourceQuality "1"]
[TimeControl "40/5400+30:1800+30"]

1. d4 Nf6 2. Nf3 g6 3. e3 Bg7 4. Bd3 d5 5. O-O O-O 6. b3 b6 {[%emt 0:02:15] D04: Colle System} 7. Bb2 Bb7 8. Nbd2 e6 (8... Nbd7 9. c4 e6 10. Rc1 dxc4 11. Nxc4 Qe7 12. Ba3 c5 13. Qe2 Rac8 14. Nfe5 Nxe5 15. dxe5 {½-½ (45) Nakamura,H (2786)-Caruana,F (2802) chess.com INT 2017}) 9. Qe2 Nbd7 {[%emt 0:01:32] LiveBook: 3 Games} 10. Ne5 $146 ({Predecessor:} 10. Rad1 a5 11. e4 Nh5 12. g3 dxe4 13. Bxe4 Bxe4 14. Nxe4 Nhf6 15. Ne5 Nxe4 16. Qxe4 {0-1 (26) Balashov,Y (2408)-Kovalenko,I (2680) Minsk 2015}) 10... Nxe5 11. dxe5 Nd7 12. f4 Re8 13. c4 Rc8 14. Rad1 Qe7 15. Bc2 Ba6 16. Rfe1 Red8 17. Qf3 (17. Bd3 $11) 17... dxc4 18. Nxc4 Bxc4 19. bxc4 Qb4 20. Bb3 a5 ({Günstiger ist} 20... Nc5 $17 21. Rxd8+ Rxd8) 21. e4 a4 22. Bc3 Qa3 23. Bc2 Qxa2 24. Qe2 Qa3 25. Qe3 Bf8 26. Kh1 Bb4 27. Bxb4 Qxb4 28. Qe2 Nc5 29. Rxd8+ Rxd8 30. Rd1 Ra8 31. f5 Qc3 32. fxg6 hxg6 33. Qf2 Qxe5 34. Rf1 Rf8 35. Qf3 Kg7 36. Qa3 Rh8 37. h3 Qd4 38. Bxa4 Nxe4 39. Qf3 f5 40. Bc6 Nd2 41. Qf2 Qxf2 42. Rxf2 Nxc4 43. Rc2 Nd6 44. Bd7 c5 45. Bxe6 Kf6 46. Bd5 Ke5 47. Bf3 Ne4 48. Rb2 Rb8 49. Kg1 b5 50. Be2 b4 51. Bc4 Kd4 52. Bf7 Kc3 53. Rb3+ Kc2 54. Re3 b3 55. Re2+ Kd3 56. Rb2 c4 57. g4 Kc3 58. Rb1 Kc2 59. Re1 b2 60. Re2+ Kd3 0-1

[Event "FIDE WCCC U10 2018"]
[Site "Santiago de Compostela"]
[Date "2018.11.09"]
[Round "5"]
[White "Hartofylakas, Spyros"]
[Black "Mogirzan, Matei-Valeriu"]
[Result "1/2-1/2"]
[ECO "B75"]
[WhiteElo "1651"]
[BlackElo "1939"]
[Annotator "NA RC"]
[PlyCount "114"]
[EventDate "2018.11.04"]
[EventType "swiss"]
[EventCountry "ESP"]
[SourceTitle "playchess.com"]
[Source "ChessBase"]
[SourceQuality "1"]
[TimeControl "40/5400+30:1800+30"]

1. e4 c5 2. Nf3 d6 3. d4 cxd4 4. Nxd4 Nf6 5. Nc3 g6 6. Be3 Bg7 7. f3 Nc6 8. Qd2 O-O 9. g4 Nd7 10. O-O-O {[%emt 0:08:18] LiveBook: 3 Games B76: Sicilian Dragon: Yugoslav Attack, 9 g4 and 9 0-0-0} Qa5 11. Kb1 Nc5 $146 ({Predecessor:} 11... Bxd4 12. Bxd4 Nxd4 13. Qxd4 Nf6 14. Qd2 Be6 15. g5 Nh5 16. Nd5 Qxd2 17. Nxe7+ Kg7 18. Rxd2 {0-1 (38) Marchant,M (2265)-Siikaluoma,A (2396) ICCF email 2007}) 12. h4 Ne6 (12... Be6 $142) 13. Nxc6 (13. Nb3 $16 Bxc3 14. bxc3 (14. Nxa5 Bxd2 15. Bxd2 Nxa5 $14)) 13... bxc6 14. Nd5 Qd8 15. Nb4 Rb8 16. e5 $2 ({Much worse is} 16. Bxa7 Rb7 $15) (16. c3 $14 Qd7 17. h5) 16... Bxe5 17. Nxc6 Rxb2+ 18. Kc1 Rxa2 19. Nxe5 Ra1+ 20. Kb2 Rxd1 21. Qxd1 dxe5 22. Qxd8 Rxd8 23. Bxa7 Bb7 24. Be2 Nf4 25. Bd1 Ra8 26. Bc5 Rb8 27. Kc1 {[%emt 0:04:11] [#]} Nd3+ $1 28. cxd3 Rc8 29. Kd2 Rxc5 30. Be2 Ra5 31. Rc1 Ba6 (31... Ra2+ $17 32. Rc2 Rxc2+ 33. Kxc2 Kg7) 32. Rc7 Kf8 33. Ke3 f5 34. Ra7 Ra2 35. Kf2 ({Günstiger ist} 35. gxf5 $15 gxf5 36. f4) 35... e4 (35... Kf7 $17 36. Ra8 {[#]} Bc4 $1 37. Rxa2 Bxa2) 36. Ke3 Ra3 37. fxe4 fxe4 38. Kf4 exd3 39. Bxd3 Rxd3 40. Rxa6 Rd5 41. Re6 Kf7 42. Re4 h6 43. Rc4 Kf6 44. Rc6+ Rd6 45. Rc5 Rd4+ 46. Kf3 e6 47. g5+ hxg5 48. hxg5+ Ke7 49. Rc7+ Rd7 50. Rc8 Kf7 51. Kf4 Ra7 52. Rc5 Ke7 53. Ke5 Rd7 54. Rb5 Kf7 55. Ra5 Rb7 56. Rc5 Ke7 57. Ra5 $11 Rc7 1/2-1/2

[Event "FIDE WCCC U10 2018"]
[Site "Santiago de Compostela"]
[Date "2018.11.09"]
[Round "5"]
[White "Azjargal Erdenebat"]
[Black "Dang, Anh Minh"]
[Result "0-1"]
[ECO "B30"]
[WhiteElo "1633"]
[BlackElo "1817"]
[Annotator "NA RC"]
[PlyCount "154"]
[EventDate "2018.11.04"]
[EventType "swiss"]
[EventCountry "ESP"]
[SourceTitle "playchess.com"]
[Source "ChessBase"]
[SourceQuality "1"]
[TimeControl "40/5400+30:1800+30"]

1. e4 c5 2. Nf3 Nc6 3. Bb5 e6 4. O-O Nge7 5. b3 a6 6. Bxc6 Nxc6 7. Bb2 d6 8. d4 cxd4 9. Nxd4 Bd7 10. c4 {[%emt 0:03:17] B30: Sicilian: 2...Nc6 3 Bb5, lines without ...g6} Be7 {[%emt 0:06:08] LiveBook: 11 Games} (10... Nxd4 11. Qxd4 Qc7 12. Nc3 f6 13. Rad1 Bc6 14. Rfe1 Be7 15. Nd5 Bxd5 16. exd5 e5 17. Qg4 O-O {1-0 (47) Dobrov,V (2522)-Tregubov,P (2589) Moscow 2017}) 11. Nxc6 Bxc6 12. Qe2 $146 ({Predecessor:} 12. Nc3 b5 13. cxb5 axb5 14. Qd3 Qb6 15. Nd5 exd5 16. exd5 Bb7 17. Bd4 Qd8 18. Bxg7 {1-0 (72) Drozdowski,K (2464)-Calugar,A (2209) Richardson 2014}) 12... O-O 13. Rd1 Qa5 14. a4 Qg5 15. f3 (15. Rd3 $14 Qh4 16. Nc3) 15... Qg6 16. Ba3 e5 17. Nc3 f5 18. Nd5 Bxd5 19. exd5 Rae8 20. Rac1 e4 21. f4 Qh6 22. g3 g5 23. Qe3 gxf4 24. gxf4 Kf7 $1 25. Kh1 Rg8 26. Rg1 Qh5 27. Rcf1 Rxg1+ 28. Rxg1 {[%emt 0:00:21] [#]} Rg8 $1 29. Rxg8 Kxg8 30. Bb2 Qd1+ (30... Kf7 $17 31. Bd4 Qd1+ 32. Kg2 h6) 31. Qg1+ Qxg1+ 32. Kxg1 Kf7 33. Kf2 Bf6 34. Ba3 Bd4+ 35. Ke2 Ke7 36. Bb4 b6 37. a5 Kd7 38. axb6 Bxb6 39. Bc3 a5 40. Be1 Kc7 41. Bd2 Kb7 42. Kf1 Ka6 43. Kg2 $2 (43. Ke2 $11) 43... Bd4 44. Kg3 {[%emt 0:02:01] [#]} Kb6 $1 45. Bc1 {[%emt 0:04:00] [#]} a4 $1 46. b4 $2 (46. bxa4 Kc5 47. Ba3+ Kxc4 48. Bxd6) 46... Bc3 47. Ba3 Be1+ 48. Kg2 Bd2 49. Kg3 Be3 50. Bb2 h5 51. h4 (51. Ba3 $142 Kb7 52. h3) 51... Bd2 52. Ba3 Be1+ 53. Kh3 Bf2 54. Bb2 Kc7 55. Ba3 e3 56. Kg2 Bxh4 57. Kf3 {[%emt 0:00:07] [#]} Bf2 $1 58. b5 h4 59. c5 h3 60. cxd6+ Kd7 61. Bc5 a3 $19 (61... h2 $142 62. Kg2 e2 63. Bxf2 a3 64. b6 a2 65. b7 a1=Q 66. Kxh2 Qb2 67. Kg3 Qb3+ 68. Kh4 Qxb7 69. Kg5 Kxd6 70. Kf6 Qb1 71. Kg5 Qb7 72. Be1 Kxd5 73. Kf6 Qb1 74. Bg3 Qg1 75. Bh4 Ke4 76. Ke6 Qg6+ 77. Ke7 Qh7+ 78. Kf6 Qxh4+ 79. Kf7 e1=Q 80. Kg6 Kxf4 81. Kg7 Qg5+ 82. Kh8 Qeh4#) 62. Bxa3 {[%emt 0:00:43] [#]} e2 $1 63. Kxf2 {[%emt 0:02:20] [#]} e1=Q+ $1 64. Kxe1 h2 65. Bc5 h1=Q+ 66. Ke2 Qxd5 67. Be3 Qxb5+ 68. Kf3 Kxd6 69. Kg3 Qe2 70. Bf2 Kd5 71. Ba7 Ke4 72. Bb8 Qg4+ 73. Kf2 Qh4+ 74. Kg2 Ke3 75. Ba7+ Ke2 76. Bg1 Qg4+ 77. Kh1 Kf1 0-1